 Dungeon Crawl Stone Soup version 0.30-a0-358-g0d69a1922f (webtiles) character file.

Game seed: 2853057563404935239

321 PimpSugar the Magician (level 6, 0/43 HPs)
             Began as a Demonspawn Hedge Wizard on Nov 8, 2022.
             Slain by a killer bee (1 damage)
             ... on level 5 of the Dungeon.
             The game lasted 00:19:28 (4515 turns).

PimpSugar the Magician (Demonspawn Hedge Wizard)    Turns: 4515, Time: 00:19:30

Health: 0/43       AC:  7    Str: 10    XL:     6   Next: 22%
Magic:  10/11      EV: 12    Int: 17    God:
Gold:   325        SH:  0    Dex: 13    Spells: 5/12 levels left

rFire   + + .      SeeInvis .    m - staff of air
rCold   + . .      Faith    .    (no shield)
rNeg    . . .      Spirit   .    f - +0 leather armour
rPois   +          Reflect  .    c - +0 hat
rElec   +          Harm     .    (no cloak)
rCorr   +          Rampage  .    (no gloves)
Will    .....                    x - +0 pair of boots
Stlth   +.........               (no amulet)
HPRegen 0.27/turn                t - ring of protection from fire
MPRegen 0.12/turn                (no ring)

@: confused, mighty, lethally poisoned (0 -> -2), resistant, ambrosia-drunk
A: horns 1, thin metallic scales 2, demonic magic 1
a: no special abilities


You were on level 5 of the Dungeon.
You visited 1 branch of the dungeon, and saw 5 of its levels.

You collected 325 gold pieces.

Inventory:

Hand Weapons
 i - a +1 dagger of draining
 l - a +0 rapier
 r - a +3 sling
 z - a +1 flail of protection
Missiles
 a - 8 poisoned darts
 j - 34 stones
 y - 5 curare-tipped darts
Armour
 b - a +0 robe
 c - a +0 hat (worn)
 f - a +0 leather armour (worn)
 x - a +0 pair of boots (worn)
Magical Staves
 m - a staff of air (weapon)
Jewellery
 t - a ring of protection from fire (left hand)
Scrolls
 h - 3 scrolls of butterflies
 o - a scroll of fear {unknown}
 p - 2 scrolls of noise {unknown}
 u - a scroll of magic mapping {unknown}
 v - 2 scrolls of teleportation {unknown}
 w - a scroll of enchant armour {unknown}
Potions
 d - a potion of magic
 e - a potion of cancellation
 k - a potion of heal wounds {unknown}
 n - a potion of attraction
 q - a potion of curing {unknown}
 s - a potion of resistance
 A - a potion of ambrosia
 B - 2 potions of haste


   Skills:
 + Level 1.4 Fighting
 + Level 1.2 Staves
 + Level 2.5 Dodging
 + Level 2.5 Stealth
 * Level 3.7 Spellcasting
 * Level 2.5 Conjurations
 + Level 2.0 Summonings
 + Level 1.7 Translocations
 + Level 1.2 Air Magic
 + Level 1.2 Evocations


You had 5 spell levels left.
You knew the following spells:

 Your Spells              Type           Power      Damage    Failure   Level
a - Magic Dart            Conj           44%        1d5       8%          1
b - Call Imp              Summ           10%        N/A       14%         2
c - Wereblood             Tmut           3%         N/A       32%         2
e - Blink                 Tloc           18%        N/A       16%         2

Your spell library contained the following spells:

 Spells                   Type           Power      Damage    Failure   Level
 Momentum Strike          Conj/Tloc      20%        3d8       14%         2
 Slow                     Hex            12%        N/A       22%         1
 Cigotuvi's Dreadful Rot  Necr/Pois/Air  12%        N/A       28%         2
 Sublimation of Blood     Necr           3%         N/A       32%         2
 Lesser Beckoning         Tloc           18%        N/A       32%         3
 Mephitic Cloud           Conj/Pois/Air  11%        N/A       36%         3
 Confusing Touch          Hex            3%         N/A       54%         3
 Ignite Poison            Fire/Tmut/Pois 3%         N/A       54%         3
 Vampiric Draining        Necr           3%         2d6       54%         3
 Sticky Flame             Conj/Fire      7%         2d3       78%         4
 Summon Hydra             Summ           5%         N/A       100%        7
 Ignition                 Fire           1%         3d3       100%        8


Dungeon Overview and Level Annotations

Branches:
Dungeon (5/15)
 Temple: D:4-7

Altars:
Ashenzari
Qazlal
Trog


Innate Abilities, Weirdness & Mutations

You have a pair of small horns on your head.
You are mostly covered in thin metallic scales. (AC +3)
Spells you cast may paralyse adjacent enemies.


Message History

The killer bee misses you. The killer bee stings you.
The killer bee stings you.
You are poisoned.
The killer bee poisons you!
The killer bee attacks as you move away!
The killer bee completely misses you.
You feel stable enough to blink again.
You feel very sick. The killer bee stings you! The killer bee stings you.
You feel protected.
You feel sick. The killer bee stings you. The killer bee misses you.
The hound barely misses you.
You feel very mighty all of a sudden.
You feel sick. The killer bee barely misses you.
The killer bee closely misses you. The hound barely misses you.
The killer bee stings you.
The killer bee stings you but does no damage.
You barely miss the killer bee. Your headbutt misses the killer bee.
You feel sick. The killer bee stings you.
* * * LOW HITPOINT WARNING * * *
The killer bee stings you but does no damage.
The hound bites you.
* * * LOW HITPOINT WARNING * * *
The killer bee barely misses you.
The killer bee stings you but does no damage.
The hound barely misses you.
You miss the killer bee. Your headbutt misses the killer bee.
You feel sick.
The killer bee stings you but does no damage.
The killer bee stings you.
* * * LOW HITPOINT WARNING * * *
The hound bites you but does no damage. The killer bee closely misses you.
The killer bee stings you but does no damage.
Your magical contamination has completely faded away.
You are confused.
You feel invigorated.
You feel sick. The killer bee stings you.
* * * LOW HITPOINT WARNING * * *
The killer bee misses you. The hound bites you.
* * * LOW HITPOINT WARNING * * *
The killer bee barely misses you. The killer bee stings you.
You die...

### ..# #.# #.# ## #.#
.. #.# .# ##@#### .# #
##hyy#.#####.##.###
#.Syyyy.S..........
#####............#
...........#####....../
.#####...#.# .#...##
##.##.# y# .## #..#.#
y# .. ##.#.# .# .#


You could see a hound, 6 killer bees and an adder.

Vanquished Creatures
  2 hounds
  A jelly (D:5)
  Jessica (D:2)
  An iguana (D:5)
  An orc wizard (D:5)
  3 adders
  A dart slug (D:1)
  2 orcs (D:3)
  6 ball pythons
  4 bats
  6 endoplasms
  A giant cockroach (D:1)
  9 goblins
  5 hobgoblins (D:1)
  4 jackals
  4 kobolds
  3 quokkas
  3 frilled lizards
  6 rats (D:1)
63 creatures vanquished.

Vanquished Creatures (collateral kills)
  An iguana (D:4)
  An adder (D:2)
  2 worms (D:2)
  4 orcs
  A goblin (D:2)
  4 jackals
  2 kobolds
  A ball python (D:2)
  A rat (D:2)
17 creatures vanquished.

Grand Total: 80 creatures vanquished

Notes
Turn   | Place    | Note
-------+----------+-------------------------------------------
     0 | D:1      | PimpSugar the Demonspawn Hedge Wizard began the quest for
                  | the Orb.
     0 | D:1      | Reached XP level 1. HP: 13/13 MP: 4/4
     2 | D:1      | Noticed an elf
     4 | D:1      | Noticed a demonspawn
     6 | D:1      | Noticed a felid
     6 | D:1      | Noticed a formicid
     8 | D:1      | Noticed a demigod
     8 | D:1      | Noticed a tengu
    10 | D:1      | Noticed a troll
    10 | D:1      | Noticed a draconian
    12 | D:1      | Noticed a human
    12 | D:1      | Noticed a vampire
    14 | D:1      | Noticed an octopode
    14 | D:1      | Noticed an armataur
    17 | D:1      | Noticed a merfolk
    17 | D:1      | Noticed a meteoran
    19 | D:1      | Noticed a vine stalker
    19 | D:1      | Noticed a spriggan
    21 | D:1      | Noticed an ogre
    21 | D:1      | Noticed a naga
    23 | D:1      | Noticed a gargoyle
    23 | D:1      | Noticed a ghoul
    25 | D:1      | Noticed a vampire
    27 | D:1      | Noticed a demigod
    27 | D:1      | Noticed a meteoran
   102 | D:1      | Reached skill level 1 in Translocations
   186 | D:1      | Gained mutation: Spells you cast may paralyse adjacent
                  | enemies. [demonic ancestry]
   186 | D:1      | Reached XP level 2. HP: 13/19 MP: 1/6
   322 | D:1      | Learned a level 2 spell: Call Imp
   516 | D:1      | Gained mutation: You have a pair of small horns on your
                  | head. [demonic ancestry]
   516 | D:1      | Reached XP level 3. HP: 9/25 MP: 4/7
  1521 | D:2      | Noticed Jessica
  1529 | D:2      | Killed Jessica
  1530 | D:2      | Reached skill level 1 in Fighting
  1530 | D:2      | Gained mutation: You are partially covered in thin metallic
                  | scales. (AC +2) [demonic ancestry]
  1530 | D:2      | Reached XP level 4. HP: 32/32 MP: 3/9
  2237 | D:2      | Found a bloodstained altar of Trog.
  2996 | D:3      | Gained mutation: You are mostly covered in thin metallic
                  | scales. (AC +3) [demonic ancestry]
  2996 | D:3      | Reached XP level 5. HP: 35/37 MP: 3/10
  3262 | D:3      | Learned a level 2 spell: Blink
  3287 | D:4      | Reached skill level 1 in Air Magic
  3456 | D:4      | Found a stormy altar of Qazlal.
  3594 | D:4      | Learned a level 2 spell: Wereblood
  3855 | D:5      | Entered Level 5 of the Dungeon
  3861 | D:5      | Reached skill level 1 in Staves
  3861 | D:5      | Reached skill level 1 in Evocations
  3920 | D:5      | Found a broken altar of Ashenzari.
  4053 | D:5      | Reached XP level 6. HP: 23/43 MP: 5/11
  4515 | D:5      | HP: 1/43 [hound (2)]
  4515 | D:5      | Slain by a killer bee

Illustrated notes

Levels and vault maps discovered:
D:1:      kb_arrival_jail, layout_basic
D:2:      layout_loops_ring, basic_altar, minmay_curled_crystal, uniq_jessica
D:3:      layout_basic
D:4:      layout_rooms, mainiacjoe_overflow_alcove_4
D:5:      layout_loops_ring, mainiacjoe_overflow_chevrons

Skill      XL: |  1  2  3  4  5  6 |
---------------+-------------------+-----
Translocations | 1 |  1.7
Dodging        | 2 |  2.5
Stealth        | 2 |  2.5
Fighting       | 1 |  1.4
Conjurations   | 2 |  2.5
Air Magic      | 1 |  1.2
Staves         | 1 |  1.2
Evocations     | 1 |  1.2
Summonings     | 2 |  2.0
Spellcasting   | |  3.7

Action                   |  1- 3 |  4- 6 || total
-------------------------+-------+-------++-------
Melee: Dagger            |    48 |       ||    48
       Staff             |    16 |    60 ||    76
       Headbutt          |     3 |    11 ||    14
       Punch             |       |     1 ||     1
 Cast: Magic Dart        |    54 |    59 ||   113
       Call Imp          |     4 |    12 ||    16
       Wereblood         |       |     2 ||     2
       Blink             |       |     1 ||     1
  Use: Scroll            |     3 |     4 ||     7
       Potion            |       |     6 ||     6
 Stab: Paralysed         |     6 |     4 ||    10
       Distracted        |       |     1 ||     1
       Sleeping          |       |     1 ||     1
Armor: Leather armour    |    23 |    35 ||    58
Dodge: Dodged            |    50 |    39 ||    89

Table legend: (Time is in decaauts)
 A = Elapsed time spent in this place.
 B = Non-inter-level travel time spent in this place.
 C = Inter-level travel time spent in this place.
 D = Time resting spent in this place.
 E = Time spent auto-exploring this place.
 F = Levels seen in this place.
 G = Mean time per level.
                   A        B        C        D        E       F      G
               +--------+--------+--------+--------+--------+-----+--------+
         Total |   4538 |   4221 |    317 |    669 |   2822 |   5 |  907.6 |
       Dungeon |   4538 |   4221 |    317 |    669 |   2822 |   5 |  907.6 |
               +--------+--------+--------+--------+--------+-----+--------+

Top non-repeatable levels by time:
     D:1: 1395 daAuts
     D:2: 1091 daAuts
     D:3: 794 daAuts
     D:5: 678 daAuts
     D:4: 578 daAuts
